 Dungeon Crawl Stone Soup version 0.25-a0-413-g3b4b6a4ccc (webtiles) character file.

Game seed: 9145456339887074217, levelgen mode: deterministic

646 Roikka the Slasher (level 7, -15/57 HPs)
             Began as a Centaur Fighter on Jan 17, 2020.
             Killed from afar by Dowan (21 damage)
             ... with a shard of ice
             ... on level 4 of the Dungeon.
             The game lasted 00:12:43 (5216 turns).

Roikka the Slasher (Centaur Fighter)                Turns: 5216, Time: 00:12:44

Health: -15/57     AC:  7    Str: 20    XL:     7   Next: 27%
Magic:  7/7        EV:  5    Int:  7    God:
Gold:   232        SH:  9    Dex:  9    Spells: 6/6 levels left

rFire    . . .     SeeInvis +   a - +1 long sword
rCold    . . .     Gourm    .   c - +0 shield
rNeg     . . .     Faith    .   b - +0 scale mail
rPois    .         Spirit   .   j - +0 helmet
rElec    .         Reflect  .   (no cloak)
rCorr    .         Harm     .   (no gloves)
MR       +....                  (no barding)
Stlth    ..........             (no amulet)
HPRegen  0.19/turn              e - ring of protection from magic
MPRegen  0.10/turn              s - ring of see invisible

@: berserk cooldown, slowed
A: large, hooves 3, deformed body, speed 2, tough skin 3
a: no special abilities


You were on level 4 of the Dungeon.
You were hungry.

You visited 1 branch of the dungeon, and saw 4 of its levels.

You collected 232 gold pieces.

Inventory:

Hand Weapons
 a - a +1 long sword (weapon)
 t - the +2 mace "Unusom" {crush, Str+3, unknown}
   (You found it on level 4 of the Dungeon)

   It inflicts extra damage upon your enemies.
   It affects your strength (+3).
Missiles
 u - 10 boomerangs (quivered)
Armour
 b - a +0 scale mail (worn)
 c - a +0 shield (worn)
 j - a +0 helmet (worn)
Jewellery
 e - a ring of protection from magic (left hand)
 o - an uncursed amulet of harm {unknown}
 s - a ring of see invisible (right hand)
Scrolls
 h - a scroll of enchant weapon
Potions
 d - 2 potions of might
 g - a potion of curing
 i - a potion of heal wounds {unknown}
 l - 2 potions of flight {unknown}
 m - 2 potions of mutation {unknown}
 n - a potion of degeneration {unknown}
 p - a potion of agility {unknown}
 q - 2 potions of berserk rage
 v - a potion of haste
Comestibles
 f - 4 rations


   Skills:
 - Level 3.0 Fighting
 * Level 6.2 Long Blades
 - Level 2.1 Armour
 + Level 4.0 Shields


You had 6 spell levels left.
You didn't know any spells.
Your spell library was empty.

Dungeon Overview and Level Annotations

Branches:
Dungeon (4/15)
 Temple: D:4-7

Altars:
Fedhas

Annotations:
D:4 Dowan


Innate Abilities, Weirdness & Mutations

You have hooves in place of feet.
Armour fits poorly on your strangely shaped body.
You cover ground very quickly.
You have extremely tough skin. (AC +3)


Message History

You throw a boomerang. The boomerang closely misses Dowan.
You block Dowan's attack. Dowan hits you with a +0 dagger.
You barely miss Dowan. Your kick misses Dowan.
Dowan is heavily wounded.
Dowan hits you but does no damage. You block Dowan's attack.
Dowan hits you but does no damage.
You hit Dowan. Your kick misses Dowan.
Dowan is severely wounded.
Dowan points at you and mumbles some strange words.
The shard of ice hits you!
* * * LOW HITPOINT WARNING * * *
Dowan hits you but does no damage. Dowan closely misses you.
You hit Dowan.
Dowan is severely wounded.
Dowan is no longer moving quickly.
Dowan hits you but does no damage. x2
You closely miss Dowan.
Dowan is severely wounded.
Dowan casts a spell at you. The shard of ice hits you!!
You die...

#.##.###.# #...,..#######
#.##.###.###.####.......#
.....##...#...........#,*
#.####.###...#.##.###.#,*
#.# #.#* ##..#.##.#*,,*,*
#.# #.* #.......#*,#*,*
#.###,** ##.#####.##.##.#
#..#**.###....###.......#
##.# *#........e@.##.####
#.# ###.....###..(....*
#.### #.....# #.##(##.#
#...# #.....# #..,,#*,#
###.# ###.### #.##***,*
#.# **#.#***#.#****,* #.#
#....,.##..,,,,,* #.#
#.#.##.#*.#******
#.####.....^#*,*


You could see Dowan.

Vanquished Creatures
  Duvessa (D:4)
  An ogre (D:4)
  A bullfrog zombie (D:2)
  An orc priest (D:4)
  3 orc wizards
  An iguana (D:3)
  Terence (D:2)
  A worker ant (D:4)
  A hound skeleton (D:4)
  Robin (D:4)
  3 gnolls (D:4)
  6 adders
  An adder skeleton (D:4)
  2 worms (D:3)
  A leopard gecko (D:4)
  13 orcs
  5 ball pythons
  7 giant cockroaches
  17 goblins
  17 hobgoblins
  4 jackals (D:1)
  6 kobolds
  2 quokkas
  3 bats
  2 frilled lizards
  15 rats
116 creatures vanquished.

Vanquished Creatures (others)
  A frilled lizard (D:1)
  A rat (D:1)
2 creatures vanquished.

Grand Total: 118 creatures vanquished

Notes
Turn   | Place    | Note
-------+----------+-------------------------------------------
     0 | D:1      | Roikka the Centaur Fighter began the quest for the Orb.
     0 | D:1      | Reached XP level 1. HP: 19/19 MP: 1/1
   140 | D:1      | Reached skill level 2 in Long Blades
   236 | D:1      | Reached XP level 2. HP: 26/26 MP: 2/2
   579 | D:1      | Reached XP level 3. HP: 21/31 MP: 3/3
   880 | D:2      | Noticed Terence
  1011 | D:2      | Killed Terence
  1011 | D:2      | Reached skill level 3 in Long Blades
  1312 | D:2      | Reached XP level 4. HP: 38/38 MP: 4/4
  2047 | D:2      | Reached skill level 4 in Long Blades
  2047 | D:2      | Reached XP level 5. HP: 32/45 MP: 5/5
  2751 | D:3      | Found a blossoming altar of Fedhas.
  3613 | D:4      | Noticed Robin
  3791 | D:4      | Killed Robin
  4040 | D:4      | Reached XP level 6. HP: 35/51 MP: 6/6
  4182 | D:4      | Got a jewelled mace
  4428 | D:4      | Reached skill level 5 in Long Blades
  4474 | D:3      | HP: 2/51 [orc wizard/puff of flame (4)]
  4485 | D:3      | HP: 1/51 [orc wizard/puff of flame (2)]
  4925 | D:4      | Reached XP level 7. HP: 42/57 MP: 7/7
  5167 | D:4      | Noticed Dowan
  5167 | D:4      | Noticed Duvessa
  5185 | D:4      | Killed Duvessa
  5185 | D:4      | Reached skill level 6 in Long Blades
  5216 | D:4      | Killed from afar by Dowan

Levels and vault maps discovered:
D:1:      giann_wishing_wells, layout_basic, lemuel_flame_loot_1
D:2:      layout_basic, minmay_goblin_kobold_house, uniq_terence
D:3:      layout_basic, nicolae_overflow_crystal_walls, first_ration
D:4:      layout_loops_cross, uniq_duvessa, uniq_robin

Skill      XL: |  1  2  3  4  5  6  7 |
---------------+----------------------+-----
Long Blades    | 2 3 4 5 6 |  6.2
Shields        | 3 4 |  4.0
Fighting       | |  3.0
Armour         | |  2.1

Action                   |  1- 3 |  4- 6 |  7- 9 || total
-------------------------+-------+-------+-------++-------
Melee: Long sword        |    96 |   271 |    24 ||   391
       Kick              |    24 |    47 |     8 ||    79
Throw: Dart              |       |    14 |     2 ||    16
       Boomerang         |       |    15 |     7 ||    22
  Use: Scroll            |     1 |     7 |       ||     8
       Potion            |       |       |     1 ||     1
  Eat: Chunk             |     1 |    10 |       ||    11
Armor: Scale mail        |    36 |   123 |    11 ||   170
Dodge: Dodged            |    19 |    47 |     6 ||    72
Block: Shield            |    32 |   125 |     9 ||   166
       Rpst.: Long sword |     7 |    11 |     3 ||    21

Table legend:
 A = Non-vault XP
 B = Vault XP
 C = Vault XP percentage of total XP
 D = Non-vault monster count
 E = Vault monster count
 F = Vault count percentage of total count
                 A         B        C        D         E       F
            +---------+---------+-------+---------+---------+-------
      Total |     682 |     242 |  26.2 |      96 |      20 |  17.2
            +---------+---------+-------+---------+---------+-------
        D:1 |      43 |       0 |   0.0 |      26 |       0 |   0.0
        D:2 |     114 |      51 |  30.9 |      22 |       9 |  29.0
        D:3 |     144 |       2 |   1.4 |      25 |       1 |   3.8
        D:4 |     381 |     189 |  33.2 |      23 |      10 |  30.3
            +---------+---------+-------+---------+---------+-------
